 Dungeon Crawl Stone Soup version 0.17.0-57-g0e89251 (webtiles) character file.

511 fredomojojo the Shield-Bearer (level 6, -2/56 HPs)
             Began as a Minotaur Fighter on Dec 8, 2015.
             Was a Follower of Okawaru.
             Slain by an ogre
             ... wielding a +0 giant spiked club
              (21 damage)
             ... on level 4 of the Dungeon.
             The game lasted 00:22:25 (2076 turns).

fredomojojo the Shield-Bearer (Minotaur Fighter)    Turns: 2076, Time: 00:22:25

Health: -2/56      AC:  9    Str: 23    XL:     6   Next: 99%
Magic:  0/1        EV:  7    Int:  5    God:    Okawaru [*.....]
Gold:   126        SH: 10    Dex:  9    Spells: 0 memorised, 5 levels left

rFire  . . .     SeeInvis .     f - +2 hand axe (antimagic)
rCold  . . .     Clarity  .     m - +0 chain mail
rNeg   . . .     SustAt   .     c - +0 shield
rPois  .         Gourm    .     (helmet restricted)
rElec  .         Spirit   +     (no cloak)
rCorr  .         Warding  .     (no gloves)
rMut   .         Stasis   .     (no boots)
MR     .....                    l - amulet of guardian spirit
Stlth  ..........               (no ring)
                                r - ring of flight

@: not resistant to hostile enchantments, extremely unstealthy
A: retaliatory headbutt, horns 2
a: Heroism, Renounce Religion, Evoke Flight


You were on level 4 of the Dungeon.
You worshipped Okawaru.
Okawaru was aware of your devotion.
You were not hungry.

You visited 1 branch of the dungeon, and saw 4 of its levels.

You collected 126 gold pieces.

Inventory:

Hand Weapons
 a - a +0 long sword
 f - a +2 antimagic hand axe (weapon)
 v - a +0 dagger
 w - a +0 hunting sling
Missiles
 x - 4 stones (quivered)
Armour
 c - a +0 shield (worn)
 m - a +0 chain mail (worn)
Jewellery
 l - an amulet of guardian spirit (around neck)
 o - an uncursed amulet of resist mutation {unknown}
 r - a ring of flight (left hand)
Scrolls
 b - 2 scrolls of enchant weapon {unknown}
 h - a scroll of enchant armour {unknown}
 j - a scroll of amnesia {unknown}
 t - 5 scrolls of remove curse {unknown}
 u - a scroll of blinking {unknown}
Potions
 g - 2 potions of brilliance
 p - 2 potions of haste
 s - a potion of flight {unknown}
Comestibles
 d - a chunk of flesh
 e - a bread ration
 k - 4 fruits
 n - 2 meat rations
 q - a royal jelly


   Skills:
 + Level 5.5 Fighting
 + Level 4.1 Long Blades
 * Level 1.7 Axes
 + Level 5.4 Armour
 + Level 2.1 Dodging
 + Level 5.7 Shields


You had 5 spell levels left.
You didn't know any spells.

Dungeon Overview and Level Annotations

Branches:
Dungeon (4/15)
 Temple: D:4-7

Altars:
Ashenzari
Okawaru
Qazlal


Innate Abilities, Weirdness & Mutations

You reflexively headbutt those who attack you in melee.
You have a pair of horns on your head.


Message History

Aim: an ogre, wielding a giant spiked club You throw a stone.
The stone hits the ogre.
The ogre is lightly wounded.
Throwing (i - inventory):
x - 5 stones (quivered)
Press: ? - help, Shift-Dir - straight line, f/p - ogre
Aim: an ogre, wielding a giant spiked club (lightly wounded)
You throw a stone.
The stone hits the ogre but does no damage.
The ogre is lightly wounded.
You hit the ogre. You headbutt the ogre.
The ogre is heavily wounded.
The ogre hits you with a giant spiked club!
You slash the ogre!
The ogre is severely wounded.
The ogre hits you with a giant spiked club!
Your chain mail prevents you from hitting the ogre.
You headbutt the ogre.
The ogre is almost dead.
The ogre hits you with a giant spiked club!!
You die...

##....#
#.....#
#####.....###
...........#
#..#..#..###
#..#.......#
#..#.รท#.####
#..#.##.#
#<.@....#
#....O#.####
##.#.(..#
#...(...#
..(...##
#..##.) #.(
#.. .( ..


You could see an ogre.

Vanquished Creatures
  Grinder (D:3)
  Sigmund (D:3)
  A giant frog skeleton (D:4)
  4 adders
  2 worms (D:2)
  3 giant geckos
  6 orcs (D:3)
  A ball python (D:2)
  3 giant cockroaches
  11 goblins
  7 hobgoblins
  2 quokkas (D:3)
  8 bats
  A giant newt (D:1)
  11 jackals
  5 kobolds
  9 rats
76 creatures vanquished.

Vanquished Creatures (others)
  5 toadstools (D:1)
5 creatures vanquished.

Grand Total: 81 creatures vanquished

Notes
Turn   | Place    | Note
--------------------------------------------------------------
     0 | D:1      | fredomojojo the Minotaur Fighter began the quest for the Orb.
     0 | D:1      | Reached XP level 1. HP: 19/19 MP: 0/0
   392 | D:1      | Reached XP level 2. HP: 25/27 MP: 1/1
   488 | D:1      | Reached skill level 4 in Fighting
   804 | D:1      | Reached XP level 3. HP: 33/33 MP: 2/2
  1010 | D:3      | Found a faded altar to an unknown god.
  1086 | D:2      | Found a stormy altar of Qazlal.
  1321 | D:2      | Reached XP level 4. HP: 41/41 MP: 3/3
  1520 | D:2      | Found an iron altar of Okawaru.
  1525 | D:2      | Became a worshipper of Warmaster Okawaru
  1641 | D:3      | Noticed Grinder
  1646 | D:3      | Paralysed by Grinder for 4 turns
  1690 | D:3      | Killed Grinder
  1690 | D:3      | Reached * piety under Okawaru
  1690 | D:3      | Reached skill level 5 in Fighting
  1690 | D:3      | Reached skill level 5 in Armour
  1690 | D:3      | Reached skill level 1 in Dodging
  1690 | D:3      | Reached skill level 5 in Shields
  1690 | D:3      | Reached XP level 5. HP: 20/48 MP: 4/4
  1690 | D:3      | Reached XP level 6. HP: 23/56 MP: 5/5
  1708 | D:3      | Found a shattered altar of Ashenzari.
  1979 | D:3      | Noticed Sigmund
  1990 | D:3      | Killed Sigmund
  1990 | D:3      | Reached skill level 1 in Axes
  2076 | D:4      | Slain by an ogre

Action                   |  1- 3 |  4- 6 || total
-------------------------+-------+-------++-------
Melee: Long sword        |   119 |    67 ||   186
       Hand axe          |       |    30 ||    30
Throw: Stone             |       |     5 ||     5
  Use: Scroll            |       |     3 ||     3
       Potion            |       |     3 ||     3
  Eat: Chunk             |     2 |     2 ||     4
